 Dungeon Crawl Stone Soup version 0.30.0 (webtiles) character file.

Game seed: 2916135186787242228

52438 fugger the Fighter (level 14, -8/115 HPs)
             Began as a Demonspawn Gladiator on Dec 10, 2023.
             Was a High Priest of Wu Jian.
             Killed by an exploding orc high priest (16 damage)
             ... ignited by their inner flame
             ... on level 1 of the Orcish Mines.
             The game lasted 00:57:50 (17412 turns).

fugger the Fighter (Demonspawn Gladiator)          Turns: 17412, Time: 00:57:51

Health: -8/115     AC: 35    Str: 14    XL:     14   Next: 27%
Magic:  0/14       EV:  6    Int: 12    God:    Wu Jian [*****.]
Gold:   3203       SH: 19    Dex: 18    Spells: 13/13 levels left

rFire   + . .        V - +1 war axe (vamp)
rCold   . . .        p - +1 tower shield {AC+3}
rNeg    . . .        y - +7 plate armour "Tueqenuj" {Rampage Fly Str-4}
rPois   .            q - +2 hat
rElec   .            (cloak unavailable)
rCorr   .            F - +0 pair of gloves
SInv    .            M - +0 pair of boots of Supple Strength {Dex+4}
Will    +....        G - amulet of guardian spirit Stlth
                     n - +4 ring of protection
HPRegen 0.39/turn    R - ring of protection from fire
MPRegen 0.14/turn

%: guardian spirit, rampage
@: spiked, flying, studying Shields
A: slimy green scales 1, ignite blood 1, spiny 2, weakness stinger 3
a: Renounce Religion, Wall Jump, Serpent's Lash, Heavenly Storm


You were on level 1 of the Orcish Mines.
You worshipped Wu Jian.
Wu Jian was extremely pleased with you.
You visited 4 branches of the dungeon, and saw 19 of its levels.

You collected 3352 gold pieces.
You spent 149 gold pieces at shops.

Inventory:

Hand Weapons
 V - a +1 vampiric war axe (weapon)
Missiles
 d - 6 throwing nets (quivered)
Armour
 p - a +1 tower shield of protection (worn)
 q - a +2 hat (worn)
 y - the +7 plate armour "Tueqenuj" (worn) {Rampage Fly Str-4}
   (You found it on level 3 of the Dungeon)

   Str:       It affects your strength (-4).
   Fly:       It grants you flight.
   Rampage:   It bestows one free step when moving towards enemies.
 A - the +7 scale mail "Ybruim" {*Slow rF+ Dex+4 Stlth+}
   (You found it on level 4 of the Lair of Beasts)

   Dex:       It affects your dexterity (+4).
   rF:        It protects you from fire.
   *Slow:     It may slow you when you take damage.
   Stlth:     It makes you more stealthy.
 F - a +0 pair of gloves (worn)
 M - the +0 pair of boots of Supple Strength (worn) {Dex+4}
   (You found it on level 5 of the Dungeon)

   Dex:       It affects your dexterity (+4).
Jewellery
 e - a ring of protection from cold
 n - a +4 ring of protection (left hand)
 E - a +6 ring of dexterity
 G - an amulet of guardian spirit (around neck)
 R - a ring of protection from fire (right hand)
Wands
 z - a wand of charming (12)
 I - a wand of mindburst (23)
 J - a wand of polymorph (9)
 K - a wand of digging (1)
 T - a wand of iceblast (11)
 W - a wand of flame (27)
 Z - a wand of quicksilver (7)
Scrolls
 a - 3 scrolls of vulnerability
 c - 4 scrolls of enchant armour
 f - a scroll of torment
 h - 11 scrolls of teleportation
 k - 5 scrolls of fear
 r - 2 scrolls of brand weapon
 s - 4 scrolls of magic mapping
 v - a scroll of summoning
 x - 2 scrolls of poison
 C - a scroll of immolation
 D - 3 scrolls of noise
 N - a scroll of enchant weapon
 O - a scroll of silence
 Q - 2 scrolls of amnesia
 S - a scroll of blinking
Potions
 b - 2 potions of brilliance {unknown}
 g - 8 potions of heal wounds {unknown}
 i - 4 potions of flight {unknown}
 j - a potion of magic {unknown}
 l - 6 potions of curing
 m - a potion of lignification {unknown}
 o - 3 potions of ambrosia {unknown}
 t - 3 potions of mutation {unknown}
 u - a potion of experience {unknown}
 w - 4 potions of degeneration {unknown}
 B - 2 potions of might {unknown}
 H - a potion of cancellation {unknown}
 L - 3 potions of resistance {unknown}
 P - 3 potions of haste {unknown}
Miscellaneous
 X - a piece from Xom's chessboard (15/15)


   Skills:
 + Level 12.0 Fighting
 + Level 11.3 Axes
 - Level 6.0 Throwing
 + Level 9.2 Armour
 + Level 11.2 Dodging
 + Level 11.9 Shields


You had 13 spell levels left.
You didn't know any spells.
Your spell library contained the following spells:

 Spells                   Type           Power      Damage    Failure   Level
 Magic Dart               Conj           0%         1d3       100%        1
 Slow                     Hex            0%         N/A       100%        1
 Call Imp                 Summ           0%         N/A       100%        2
 Lesser Beckoning         Tloc           0%         N/A       100%        2
 Poisonous Vapours        Pois/Air       0%         N/A       100%        2
 Searing Ray              Conj           0%         2d4       100%        2
 Confusing Touch          Hex            0%         N/A       100%        3
 Gell's Gravitas          Tloc           0%         N/A       100%        3
 Mephitic Cloud           Conj/Pois/Air  0%         N/A       100%        3
 Summon Guardian Golem    Hex/Summ       0%         N/A       100%        3
 Teleport Other           Tloc           0%         N/A       100%        3
 Vampiric Draining        Necr           0%         2d6       100%        3
 Vhi's Electric Charge    Tloc/Air       0%         N/A       100%        3
 Animate Armour           Summ/Erth      0%         N/A       100%        4
 Fulminant Prism          Conj/Hex       0%         3d5       100%        4
 Alistair's Intoxication  Tmut/Pois      0%         N/A       100%        5
 Arcjolt                  Conj/Air       0%         1d10      100%        5
 Blade Hands              Tmut           0%         N/A       100%        5
 Borgnjor's Vile Clutch   Necr/Erth      0%         N/A       100%        5
 Freezing Cloud           Conj/Ice/Air   0%         6-21      100%        5
 Eringya's Noxious Bog    Tmut/Pois      0%         N/A       100%        6
 Iron Shot                Conj/Erth      0%         9d1       100%        6
 Plasma Beam              Fire/Air       0%         2x1d11    100%        6
 Orb of Destruction       Conj           0%         9d5       100%        7
 Spellforged Servitor     Conj/Summ      0%         N/A       100%        7


Dungeon Overview and Level Annotations

Branches:
Dungeon (11/15)            Temple (1/1) D:7            Lair (5/5) D:11
  Swamp (0/4) Lair:3       Spider (0/4) Lair:3        Slime (0/5) Lair:4
    Orc (2/2) D:11
    Elf: Orc:2

Altars:
Ashenzari
Cheibriados
Dithmenos
Fedhas
Gozag
Hepliaklqana
Kikubaaqudgha
Makhleb
Nemelex Xobeh
Okawaru
Qazlal
Ru
Sif Muna
Trog
Uskayaw
Vehumet
Wu Jian
Xom
Yredelemnul
Jiyva

Shops:
D:4 :!   D:5 [*   D:8 (   Orc:1 :   Orc:2 ![

Annotations:
Lair:4 1 runed translucent door
Orc:1 Josephine
Orc:2 2 runed translucent doors, Snorg


Innate Abilities, Weirdness & Mutations

You are partially covered in slimy green scales. (AC +2)
Your demonic aura sometimes causes spilled blood to erupt in flames.
You are mostly covered in sharp spines.
You have a sharp stinger which inflicts weakening toxins.


Message History

The ynoxinul gestures.
You barely miss the ufetubus. You hit the ufetubus.
You hit the orc high priest.
Flame seeps out of the orc high priest.
The orc high priest hits you but does no damage.
The red devil hits you but does no damage.
You block the ufetubus's attack. The ufetubus hits you.
* * * LOW HITPOINT WARNING * * *
The ufetubus barely misses you. You block the ufetubus's attack.
The orc high priest is struck by your spines.
Flame seeps out of the orc high priest.
The orc high priest hits you but does no damage.
You slash the ufetubus!
You kill the ufetubus!
The ufetubus disappears in a puff of smoke!
You completely miss the orc high priest.
You hit the ufetubus. You block the ufetubus's attack. x2
The red devil hits you from afar with a +0 demon trident!
* * * LOW HITPOINT WARNING * * *
Barbed spikes become lodged in your body.
The ynoxinul gestures.
The ufetubus hits you but does no damage. x2
The orc high priest is struck by your spines.
Flame seeps out of the orc high priest.
The orc high priest hits you but does no damage.
You hit the orc high priest.
Flame seeps out of the orc high priest.
You feel better.
Flame seeps out of the orc high priest.
You tail-slap the orc high priest!
The orc high priest is almost dead.
You slash the ufetubus! You barely miss the ufetubus.
You block the ufetubus's attack.
The ufetubus hits you but does no damage.
You block the red devil's attack.
The orc high priest is engulfed in blazing flames.
The Council accepts your kill.
The red devil disappears in a puff of smoke!
The ynoxinul disappears in a puff of smoke!
The ufetubus disappears in a puff of smoke! x6
The orc high priest explodes!
The fiery explosion engulfs you! You resist.
You die...

.......#.......#####
............#...##
.................##
##.......#...#.§§.#
###..........##§##
###.......###o##
#.......###§§O#
##.#...###.#°##
###....#..§@§#
##..###.#§## ####
#####


You could see an ogre (inner flame) and an orc (inner flame).

Vanquished Creatures
  Jorgrun (Orc:2)
  A hydra (Lair:4)
  A catoblepas (Lair:5)
  A boulder beetle (D:11)
  2 two-headed ogres
  14 death yaks
  A deep troll shaman (Lair:5)
  A vampire mage (Lair:4)
  An orc high priest (Orc:1)
  A fire crab (Lair:3)
  A skyshark (Lair:5)
  2 bog bodies (Lair:3)
  A lindwurm (Lair:5)
  Pikel (D:6)
  2 orc knights (Orc:2)
  20 elephants
  Maurice (D:8)
  6 black mambas
  2 torpor snails (Lair:5)
  An unseen horror (D:10)
  10 komodo dragons
  11 cane toads
  3 rime drakes
  2 trolls
  2 polar bears (Lair:5)
  2 hornets
  Grinder (D:3)
  Prince Ribbit (D:5)
  4 blink frogs (Lair:4)
  Sigmund (D:3)
  14 dream sheep
  A shadow (D:10)
  A human (Lair:4)
  2 wyverns
  4 steam dragons
  20 yaks
  3 basilisks
  3 vampire mosquitoes (D:10)
  Menkaure (D:5)
  Edmund (D:6)
  7 wargs
  16 water moccasins
  Duvessa (D:5)
  2 black bears
  4 ice beasts
  A sky beast (D:7)
  10 orc warriors
  3 ogres
  12 wolves
  3 centaurs
  A lemure (D:6)
  3 phantoms
  3 kobold brigands
  Blork the orc (D:6)
  7 bullfrogs
  3 scorpions
  2 gnoll sergeants
  13 wights
  Dowan (D:5)
  4 killer bees (D:8)
  3 howler monkeys (D:11)
  A gnoll bouda (D:8)
  10 orc priests
  A hound (D:5)
  7 iguanas
  Crazy Yiuf (D:3)
  Ijyb (D:4)
  2 sleepcaps
  17 orc wizards
  12 gnolls
  8 adders
  A shadow imp (D:6)
  2 adder zombies (D:2)
  An adder skeleton (D:2)
  2 worms
  3 dart slugs
  49 orcs
  8 endoplasms
  2 giant cockroaches
  8 goblins
  10 hobgoblins
  27 kobolds
  2 quokkas
  9 ball pythons
  A ball python skeleton (D:2)
  7 bats
  2 frilled lizards
  A jackal skeleton (D:2)
  A quokka zombie (D:2)
  2 rats (D:1)
446 creatures vanquished.

Vanquished Creatures (others)
  An orc wizard (D:9)
  33 fungi
  27 plants
  A withered plant (D:2)
62 creatures vanquished.

Grand Total: 508 creatures vanquished

Notes
Turn   | Place    | Note
-------+----------+-------------------------------------------
     0 | D:1      | fugger the Demonspawn Gladiator began the quest for the
                  | Orb.
     0 | D:1      | Reached XP level 1. HP: 16/16 MP: 1/1
   209 | D:1      | Gained mutation: You are partially covered in sharp spines.
                  | [demonic ancestry]
   209 | D:1      | Reached XP level 2. HP: 17/22 MP: 2/2
   673 | D:2      | Gained mutation: You are partially covered in slimy green
                  | scales. (AC +2) [demonic ancestry]
   673 | D:2      | Reached XP level 3. HP: 26/28 MP: 3/3
   830 | D:2      | Found a faded altar of an unknown god.
  1009 | D:2      | Gained mutation: Your demonic aura sometimes causes spilled
                  | blood to erupt in flames. [demonic ancestry]
  1009 | D:2      | Reached XP level 4. HP: 34/34 MP: 4/4
  1383 | D:3      | Noticed Sigmund
  1385 | D:3      | Killed Sigmund
  1386 | D:3      | Reached skill level 3 in Fighting
  1386 | D:3      | Reached XP level 5. HP: 40/41 MP: 5/5
  1394 | D:3      | Gained mutation: You have a small tail. [demonic ancestry]
  1394 | D:3      | Reached XP level 6. HP: 47/47 MP: 6/6
  1486 | D:3      | Identified the +7 plate armour "Tueqenuj" {Rampage Fly
                  | Str-4}
  1609 | D:3      | Noticed Grinder
  1616 | D:3      | Paralysed by Grinder for 4 turns
  1625 | D:3      | Killed Grinder
  1626 | D:3      | Reached skill level 4 in Fighting
  1658 | D:3      | Found a stormy altar of Qazlal.
  2041 | D:3      | Found a runed translucent door.
  2042 | D:3      | Noticed Crazy Yiuf
  2166 | D:3      | Killed Crazy Yiuf
  2167 | D:3      | Gained mutation: You have a tail ending in a sharp stinger.
                  | [demonic ancestry]
  2167 | D:3      | Reached XP level 7. HP: 47/54 MP: 7/7
  2516 | D:4      | Noticed Ijyb
  2523 | D:4      | Killed Ijyb
  2611 | D:4      | Found Niynk's Distillery.
  2621 | D:4      | Found Piucul's Book Boutique.
  2820 | D:5      | Entered Level 5 of the Dungeon
  2836 | D:5      | Noticed a wyvern
  2839 | D:5      | Killed a wyvern
  2939 | D:5      | Noticed Menkaure
  2948 | D:5      | Killed Menkaure
  2949 | D:5      | Reached skill level 5 in Axes
  2949 | D:5      | Reached skill level 5 in Dodging
  2949 | D:5      | Gained mutation: You are mostly covered in sharp spines.
                  | [demonic ancestry]
  2949 | D:5      | Reached XP level 8. HP: 35/61 MP: 4/8
  3066 | D:5      | Identified the +0 pair of boots of Supple Strength {Dex+4}
  3071 | D:5      | Found an iron altar of Okawaru.
  3138 | D:5      | Noticed Prince Ribbit
  3141 | D:5      | Killed Prince Ribbit
  3142 | D:5      | Reached skill level 5 in Fighting
  3161 | D:5      | Noticed Dowan
  3162 | D:5      | Noticed Duvessa
  3172 | D:5      | Killed Duvessa
  3173 | D:5      | Reached skill level 5 in Throwing
  3173 | D:5      | Killed Dowan
  3228 | D:5      | Found Buyppiwn's Overcharged Wands.
  3567 | D:5      | Found Ethuh's Antique Armour Shop.
  3585 | D:5      | Found a shimmering altar of Xom.
  3586 | D:5      | Found a bloodstained altar of Trog.
  3735 | D:5      | Found a basalt altar of Yredelemnul.
  3827 | D:5      | Noticed Pikel
  3838 | D:6      | Reached skill level 6 in Fighting
  3849 | D:6      | Killed Pikel
  3850 | D:6      | Reached XP level 9. HP: 14/71 MP: 3/9
  4328 | D:6      | Found a broken altar of Ashenzari.
  4431 | D:6      | Noticed Edmund
  4441 | D:6      | Killed Edmund
  4486 | D:6      | Noticed Blork the orc
  4492 | D:6      | Killed Blork the orc
  4763 | D:6      | Reached skill level 1 in Armour
  4763 | D:6      | Reached skill level 1 in Shields
  5054 | D:6      | Found a sparkling altar of Nemelex Xobeh.
  5166 | D:7      | Reached skill level 7 in Fighting
  5578 | D:7      | Found a staircase to the Ecumenical Temple.
  5609 | Temple   | Entered the Ecumenical Temple
  5828 | Temple   | Became a worshipper of the Wu Jian Council
  5988 | D:7      | Reached XP level 10. HP: 79/79 MP: 10/10
  6419 | D:8      | Noticed Maurice
  6434 | D:8      | Killed Maurice
  6526 | D:8      | Found Enlyzirpho's Antique Weapon Shoppe.
  6785 | D:8      | Identified 4 scrolls of acquirement
  6786 | D:8      | Acquired 479 gold pieces
  6787 | D:8      | Acquired 986 gold pieces
  6788 | D:8      | Acquired 695 gold pieces
  6891 | D:8      | Identified the +7 flail of Blood {heavy, MP+9}
  6918 | D:8      | Bought a glowing war axe for 149 gold pieces
  6934 | D:8      | Found a sacrificial altar of Ru.
  6958 | D:8      | Found an opulent altar of Gozag.
  7159 | D:8      | Found a shadowy altar of Dithmenos.
  7713 | D:9      | Reached * piety under Wu Jian
  7739 | D:9      | Found a burning altar of Makhleb.
  7739 | D:9      | Noticed a green death
  8114 | D:10     | Entered Level 10 of the Dungeon
  8149 | D:10     | Found a snail-covered altar of Cheibriados.
  8175 | D:10     | Reached skill level 8 in Fighting
  8531 | D:10     | Noticed a two-headed ogre
  8547 | D:10     | Killed a two-headed ogre
  8548 | D:10     | Reached XP level 11. HP: 81/87 MP: 9/11
  8868 | D:11     | Noticed a two-headed ogre
  8880 | D:11     | Killed a two-headed ogre
  8951 | D:11     | Found a staircase to the Lair.
  8970 | Lair:1   | Entered Level 1 of the Lair of Beasts
  8981 | Lair:1   | Reached ** piety under Wu Jian
  9145 | Lair:1   | Acquired a manual of Shields
  9364 | Lair:1   | Reached skill level 5 in Armour
  9364 | Lair:1   | Reached skill level 5 in Shields
 10045 | Lair:2   | Reached skill level 9 in Fighting
 10390 | Lair:2   | You are sucked into a shaft and drop 1 floor!
 10440 | Lair:3   | Found a staircase to the Swamp.
 10442 | Lair:3   | Noticed a bog body
 10442 | Lair:3   | Noticed a bog body
 10565 | Lair:2   | Gained mutation: You have a sharp stinger which inflicts
                  | weakening toxins. [demonic ancestry]
 10565 | Lair:2   | Reached XP level 12. HP: 96/96 MP: 10/12
 11288 | Lair:3   | Found a hole to the Spider Nest.
 12017 | Lair:3   | Reached skill level 10 in Fighting
 12464 | Lair:4   | Reached *** piety under Wu Jian
 12833 | Lair:4   | Reached skill level 10 in Axes
 12896 | Lair:4   | Noticed a death yak
 12896 | Lair:4   | Noticed a death yak
 12914 | Lair:4   | Noticed a death yak
 12922 | Lair:4   | Killed a death yak
 12927 | Lair:4   | Killed a death yak
 12928 | Lair:4   | Reached skill level 10 in Dodging
 12935 | Lair:4   | Killed a death yak
 12936 | Lair:4   | Reached XP level 13. HP: 92/104 MP: 10/13
 12988 | Lair:4   | Identified the +7 scale mail "Ybruim" {*Slow rF+ Dex+4
                  | Stlth+}
 13293 | Lair:4   | Found a runed translucent door.
 13297 | Lair:4   | Found a viscous altar of Jiyva.
 13298 | Lair:4   | Found a staircase to the Slime Pits.
 13298 | Lair:4   | Noticed an azure jelly
 13298 | Lair:4   | Noticed an azure jelly
 13678 | Lair:4   | Found a runed translucent door.
 13913 | Lair:5   | Entered Level 5 of the Lair of Beasts
 13939 | Lair:5   | Reached skill level 11 in Fighting
 13939 | Lair:5   | Reached skill level 10 in Shields
 14161 | Lair:5   | Reached **** piety under Wu Jian
 15484 | Lair:5   | Reached XP level 14. HP: 102/114 MP: 9/14
 16181 | D:11     | Found a staircase to the Orcish Mines.
 16439 | D:11     | Reached ***** piety under Wu Jian
 16933 | Orc:1    | Entered Level 1 of the Orcish Mines
 16934 | Orc:1    | Found Cyrchu Zia's Vocational Training.
 17150 | Orc:2    | Entered Level 2 of the Orcish Mines
 17226 | Orc:2    | Noticed Jorgrun
 17245 | Orc:2    | Killed Jorgrun
 17246 | Orc:2    | Reached skill level 12 in Fighting
 17275 | Orc:1    | Noticed Josephine
 17316 | Orc:2    | Found Kuageoto's Distillery.
 17355 | Orc:2    | Found Imo Aqed's Armour Boutique.
 17374 | Orc:2    | Noticed Snorg
 17376 | Orc:2    | Found a runed translucent gate.
 17376 | Orc:2    | Found a runed translucent gate.
 17404 | Orc:1    | HP: 5/115 [sixfirhy[an orc high priest] (8)]
 17411 | Orc:1    | HP: 5/115 [red devil/+0 demon trident[an orc high priest]
                  | (9)]
 17412 | Orc:1    | Killed by an exploding orc high priest... ignited by their
                  | inner flame

Illustrated notes

Levels and vault maps discovered:
D:1:      spicycebolla_arrival_clurvy, layout_loops_cross
D:2:      layout_loops_ring, serial_undead, serial_undead_d, serial_undead_b,
          serial_undead_c, serial_undead_a, serial_undead_f, serial_undead_e,
          nicolae_ecumenical_pavilion, chequers_serial_rivers_marsh
D:3:      layout_loops_ring, nicolae_qazlal_scattered_showers,
          item_on_display_a, uniq_sigmund, uniq_crazy_yiuf_cottage, uniq_grinder
D:4:      layout_rooms, serial_shops, nicolae_take_the_stairs, shop,
          hangedman_decor_growths, uniq_ijyb
D:5:      layout_cave_pods, nicolae_overflow_hidden_temple, lemuel_doored_altar,
          nicolae_overflow_two_pavilions, serial_shops,
          nicolae_shop_tiny_waterfront, nicolae_shop_overcharged_wands,
          uniq_duvessa, uniq_menkaure, uniq_pikel, uniq_prince_ribbit1
D:6:      layout_loops_ring, ashenzari_conservatory_becter, zin_statuary,
          mainiacjoe_overflow_alcove_4, uniq_blork_the_orc, uniq_edmund
D:7:      layout_loops_cross, minmay_temple_entry_wispy
D:8:      layout_gridville, nicolae_ru_path_of_blood, grunt_gozag_statues,
          grunt_dithmenos_smoke_and_mirrors, serial_shops,
          nicolae_stop_n_shop_2, uniq_maurice
D:9:      layout_irregular_city, makhleb_altar_promises_db
D:10:     layout_rooms, mainiacjoe_overflow_concentric_impassable
D:11:     layout_loops_ring, erik_lair_orcish_takeover, erik_orc_3
Temple:   hellmonk_temple_beads
Lair:1:   layout_cave_pods
Lair:2:   layout_cave_pods
Lair:3:   layout_gridlike, skrybe_swamp_entry_bodies, dummy_spider_entry,
          st_stairs_6
Lair:4:   layout_big_grid, slime_entry_2, pdpol_lair_cabin_in_the_woods,
          lemuel_fruit_tree
Lair:5:   grunt_lair_end_beastmaster, layout_layer_cave, uniq_rupert
Orc:1:    layout_caves, nicolae_shop_vocational, uniq_josephine
Orc:2:    st_orc_mages, layout_caves, gammafunk_ghost_cemetery, serial_shops,
          shop, guppyfry_orc_lava_fort, uniq_snorg, uniq_jorgrun

Skill      XL: |  1  2  3  4  5  6  7  8  9 10 11 12 13 14 |
---------------+-------------------------------------------+-----
Throwing       | 2 3 4 5 6 |  6.0
Axes           | 3 4 5 6 7 8 9 10 11 | 11.3
Dodging        | 3 4 5 6 7 8 9 10 11 | 11.2
Fighting       | 3 4 6 7 8 9 10 11 12 | 12.0
Armour         | 2 4 6 7 8 9 |  9.2
Shields        | 2 4 7 9 11 | 11.9

Action                     |  1- 3 |  4- 6 |  7- 9 | 10-12 | 13-15 || total
---------------------------+-------+-------+-------+-------+-------++-------
  Melee: War axe           |    76 |    67 |   206 |   559 |   613 ||  1521
         Tailslap          |       |     6 |    36 |   112 |   134 ||   288
 Invoke: Serpent's Lash    |       |       |       |       |     2 ||     2
         Heavenly Storm    |       |       |       |       |     1 ||     1
Ability: Whirlwind         |       |       |       |    22 |    47 ||    69
         Wall Jump         |       |       |       |     2 |     1 ||     3
  Evoke: Wand              |       |       |       |       |     1 ||     1
    Use: Scroll            |       |       |     6 |     9 |    11 ||    26
         Potion            |       |       |       |       |     3 ||     3
   Stab: Sleeping          |     2 |       |       |       |       ||     2
         Distracted        |       |     1 |       |       |       ||     1
         Petrifying        |       |       |       |       |     1 ||     1
 Armour: Leather armour    |    15 |       |       |       |       ||    15
         Ring mail         |    17 |    17 |       |       |       ||    34
         Plate armour      |       |    27 |   183 |   474 |   444 ||  1128
  Dodge: Dodged            |    41 |     8 |     8 |    68 |   123 ||   248
  Block: Tower shield      |    10 |    46 |   182 |   596 |   683 ||  1517
